 Dungeon Crawl Stone Soup version 0.22.0-60-ga52c2fc (webtiles) character file.

218 marrkus the Chopper (level 5, -3/45 HPs)
             Began as a Hill Orc Fighter on Sept 9, 2018.
             Killed by nerve-wracking pain
             ... invoked by Grinder
              (12 damage)
             ... on level 3 of the Dungeon.
             The game lasted 00:06:33 (1563 turns).

marrkus the Chopper (Hill Orc Fighter)              Turns: 1563, Time: 00:06:34

Health: -3/45      AC:  8    Str: 25    XL:     5   Next: 95%
Magic:  5/5        EV: 11    Int:  8    God:
Gold:   73         SH:  9    Dex: 10    Spells: 4/4 levels left

rFire    . . .     SeeInvis .   a - +0 war axe
rCold    . . .     Gourm    .   c - +0 shield
rNeg     . . .     Faith    .   t - +2 robe {MR+}
rPois    .         Spirit   .   v - +0 helmet
rElec    .         Reflect  .   (no cloak)
rCorr    .         Harm     .   o - +2 pair of gloves
MR       +....                  (no boots)
Stlth    +.........             (no amulet)
HPRegen  0.15/turn              q - +3 ring of evasion
MPRegen  0.09/turn              (no ring)

@: mighty
A: no striking features
a: no special abilities


You were on level 3 of the Dungeon.
You were not hungry.

You visited 1 branch of the dungeon, and saw 3 of its levels.

You collected 73 gold pieces.

Inventory:

Hand Weapons
 a - a +0 war axe (weapon)
Missiles
 e - 52 stones (quivered)
 u - 21 poisoned needles
Armour
 c - a +0 shield (worn)
 o - a +2 pair of gloves (worn)
 s - a +0 chain mail
 t - a +2 robe of magic resistance (worn)
 v - a +0 helmet (worn)
Jewellery
 q - a +3 ring of evasion (left hand)
Scrolls
 g - 2 scrolls of teleportation {unknown}
 h - 5 scrolls of identify {unknown}
 l - a scroll of remove curse {unknown}
 n - a scroll of amnesia {unknown}
 r - a scroll of immolation {unknown}
Potions
 i - a potion of brilliance {unknown}
 j - 2 potions of heal wounds {unknown}
 k - 2 potions of curing {unknown}
 p - a potion of lignification {unknown}
Comestibles
 b - a chunk of flesh
 f - 7 rations


   Skills:
 - Level 3.6 Fighting
 + Level 7.9 Axes
 - Level 3.2 Armour
 - Level 3.2 Shields


You had 4 spell levels left.
You didn't know any spells.
Your spell library was empty.

Dungeon Overview and Level Annotations

Branches:
Dungeon (3/15)

Altars:
Kikubaaqudgha

Annotations:
D:3 Grinder


Message History

Grinder gestures at you. You resist with almost no effort.
You slash Grinder!
Grinder is heavily wounded.
Grinder hits you.
You writhe in agony.
Grinder gestures at you.
You suddenly lose the ability to move!
Grinder hits you but does no damage. Grinder hits you.
* * * LOW HITPOINT WARNING * * *
You can move again.
You aren't carrying any items that you can evoke.
Okay, then.
You feel very mighty all of a sudden. Grinder hits you but does no damage.
You slice Grinder!!
Grinder is almost dead.
Grinder gestures at you. Pain shoots through your body!
You die...

##..........#.#<..#.
#................#)#.#.#.
#......#####.#####.#...#.
#$.....# #.# #.#####.
#......# #.# #.......#
#......# #.# #.#.....#
#......# #.# #......##
##......#####.# [ .......
........5@....#.######.###
#......#######. ..
+......†# # .#.
#............#
####.....###.# #.....#
#.....# #.....# #...$.r


You could see Grinder.

Vanquished Creatures
  Jessica (D:2)
  3 gnolls (D:2)
  9 adders
  3 worms
  2 dart slugs (D:1)
  3 leopard geckos (D:1)
  An orc (D:3)
  6 bats
  3 giant cockroaches
  9 goblins
  7 hobgoblins
  6 jackals
  A quokka (D:3)
  A ball python (D:1)
  2 frilled lizards (D:3)
  5 kobolds
  9 rats
71 creatures vanquished.

Notes
Turn   | Place    | Note
-------+----------+-------------------------------------------
     0 | D:1      | marrkus the Hill Orc Fighter began the quest for the Orb.
     0 | D:1      | Reached XP level 1. HP: 19/19 MP: 1/1
    38 | D:1      | Reached skill level 3 in Axes
    86 | D:1      | Reached XP level 2. HP: 23/26 MP: 2/2
    96 | D:1      | Reached skill level 4 in Axes
   267 | D:1      | Reached XP level 3. HP: 30/31 MP: 3/3
   625 | D:1      | Reached skill level 5 in Axes
   819 | D:2      | Reached XP level 4. HP: 26/39 MP: 4/4
   822 | D:2      | Found an ancient bone altar of Kikubaaqudgha.
   874 | D:2      | Reached skill level 6 in Axes
  1054 | D:2      | Reached XP level 5. HP: 42/45 MP: 5/5
  1067 | D:2      | Noticed Jessica
  1076 | D:2      | Killed Jessica
  1076 | D:2      | Reached skill level 7 in Axes
  1538 | D:3      | Noticed Grinder
  1558 | D:3      | Paralysed by Grinder for 3 turns
  1563 | D:3      | Killed from afar by Grinder

Skill      XL: |  1  2  3  4  5 |
---------------+----------------+-----
Axes           | 3 4 5 6 7 |  7.9
Fighting       | |  3.6
Armour         | |  3.2
Shields        | |  3.2

Action                   |  1- 3 |  4- 6 || total
-------------------------+-------+-------++-------
Melee: War axe           |    91 |   139 ||   230
  Use: Potion            |       |     1 ||     1
  Eat: Chunk             |       |     3 ||     3
Armor: Scale mail        |    38 |    45 ||    83
       Robe              |       |    16 ||    16
Dodge: Dodged            |    21 |    60 ||    81
Block: Shield            |    58 |    67 ||   125
